 Dungeon Crawl Stone Soup version 0.24.1-14-gf8d2b509d9 (webtiles) character file.

Game seed: 17034658839766362996, levelgen mode: deterministic

166 tkbsonic5 the Skirmisher (level 5, -3/32 HPs)
             Began as a Vampire Fighter on Jan 5, 2023.
             Killed from afar by Natasha (6 damage)
             ... with a magic dart
             ... on level 3 of the Dungeon.
             The game lasted 00:07:57 (1562 turns).

tkbsonic5 the Skirmisher (Vampire Fighter)          Turns: 1562, Time: 00:07:58

Health: -3/32      AC:  8    Str: 16    XL:     5   Next: 22%
Magic:  5/5        EV: 10    Int: 10    God:
Gold:   161        SH: 10    Dex: 19    Spells: 4/4 levels left

rFire    . . .     SeeInvis +   a - +0 long sword
rCold    + + .     Gourm    .   c - +1 shield
rNeg     + + +     Faith    .   e - +0 chain mail
rPois    ∞         Spirit   .   (no helmet)
rElec    .         Reflect  .   (no cloak)
rCorr    .         Harm     .   (no gloves)
MR       .....                  (no boots)
Stlth    ++........             (no amulet)
HPRegen  0.00/turn              (no ring)
MPRegen  0.09/turn              (no ring)

@: agile, bloodless
A: no food, fangs 3, see invisible, unbreathing
a: Bat Form, Revivify


You were on level 3 of the Dungeon.
You were bloodless.

You visited 1 branch of the dungeon, and saw 3 of its levels.

You collected 161 gold pieces.

Inventory:

Hand Weapons
 a - a +0 long sword (weapon)
Missiles
 k - 9 poisoned darts (quivered)
 n - 8 atropa-tipped darts
Armour
 b - a +0 scale mail
 c - a +1 shield (worn)
 e - a +0 chain mail (worn)
Scrolls
 g - a scroll of fog
Potions
 j - a potion of haste {unknown}


   Skills:
 * Level 3.4 Fighting
 * Level 3.2 Long Blades
 * Level 1.5 Throwing
 - Level 2.6 Armour
 + Level 1.7 Dodging
 + Level 3.2 Shields


You had 4 spell levels left.
You didn't know any spells.
Your spell library was empty.

Dungeon Overview and Level Annotations

Branches:
Dungeon (3/15)

Altars:
Yredelemnul

Annotations:
D:3 Natasha


Innate Abilities, Weirdness & Mutations

You do not eat.
You do not regenerate when monsters are visible.
You are frail without blood (-20% HP).
You can heal yourself when you bite living creatures.
You are immune to poison.
You have razor-sharp teeth.
You have supernaturally acute eyesight. (SInv)
You can survive without breathing.


Message History

You resist with some effort.
You hit Natasha.
Natasha is severely wounded.
You block Natasha's attack. Natasha claws you but does no damage.
You miss Natasha. Your bite misses Natasha.
Natasha is severely wounded.
Natasha closely misses you.
You riposte.
You hit Natasha but do no damage.
Natasha is severely wounded.
It was a potion of magic.
Magic courses through your body. Natasha casts a spell at you.
The magic dart hits you.
* * * LOW HITPOINT WARNING * * *
Your chain mail prevents you from hitting Natasha.
Natasha is severely wounded.
Natasha barely misses you. x2
You completely miss Natasha.
Natasha is severely wounded.
Natasha casts a spell at you. The magic dart hits you.
You die...

#...(......#######.
#.#####.####
#.#####.# #.......#
##..###### #...#
#...# #...##### ##
#.....@.# ..
#.#.###h# o#
#.#.###.## .#
#.#.##...###.##
#......#.).>..#
#..%##...###..#
#...###.## .(#
#...# #... ....
#...# ##... .....


You could see Natasha.

Vanquished Creatures
  An orc wizard (D:3)
  A bullfrog skeleton (D:2)
  3 adders
  2 worms
  A leopard gecko (D:1)
  7 orcs
  A ball python (D:1)
  A bat (D:3)
  2 giant cockroaches
  7 hobgoblins
  13 jackals
  2 quokkas (D:2)
  A frilled lizard (D:2)
  8 goblins
  6 kobolds
  6 rats
62 creatures vanquished.

Notes
Turn   | Place    | Note
-------+----------+-------------------------------------------
     0 | D:1      | tkbsonic5 the Vampire Fighter began the quest for the Orb.
     0 | D:1      | Reached XP level 1. HP: 17/17 MP: 1/1
   116 | D:1      | Reached XP level 2. HP: 22/23 MP: 2/2
   410 | D:1      | Reached skill level 1 in Dodging
   527 | D:2      | Reached XP level 3. HP: 19/22 MP: 3/3
   550 | D:2      | Found a basalt altar of Yredelemnul.
   820 | D:2      | Reached skill level 1 in Throwing
   820 | D:2      | Reached XP level 4. HP: 26/28 MP: 4/4
  1531 | D:3      | Reached XP level 5. HP: 5/32 MP: 5/5
  1553 | D:3      | Noticed Natasha
  1562 | D:3      | Killed from afar by Natasha

Levels and vault maps discovered:
D:1:      minmay_arrival_radiant_lines, layout_rooms
D:2:      layout_basic, yredelemnul_altar_generic,
          chequers_serial_rivers_large_a, guppyfry_early_orc_mine
D:3:      layout_loops_ring, gammafunk_temple_overflow_wave, first_ration,
          makhleb_heckhound_becter, uniq_ijyb, uniq_natasha,
          uniq_crazy_yiuf_cottage

Skill      XL: |  1  2  3  4 |
---------------+-------------+-----
Dodging        | 1 |  1.7
Fighting       | 3 |  3.4
Shields        | 3 |  3.2
Throwing       | 1 |  1.5
Long Blades    | 3 |  3.2
Armour         | |  2.6

Action                   |  1- 3 |  4- 6 || total
-------------------------+-------+-------++-------
Melee: Long sword        |   106 |    97 ||   203
       Bite              |    10 |     7 ||    17
Throw: Dart              |    35 |    14 ||    49
 Abil: Exsanguinate      |     1 |       ||     1
  Use: Scroll            |       |     8 ||     8
       Potion            |       |     7 ||     7
Armor: Chain mail        |    65 |    55 ||   120
       Scale mail        |     1 |       ||     1
Dodge: Dodged            |    18 |    32 ||    50
Block: Shield            |    68 |    59 ||   127
       Rpst.: Long sword |     4 |    10 ||    14
